 Dungeon Crawl Stone Soup version 0.31-a0-365-gcf821cafb2 (webtiles) character file.

Game seed: 3063700952182447958

400 porpoise the Slasher (level 6, -10/49 HPs)
             Began as a Demonspawn Gladiator on July 28, 2023.
             Mangled by an ogre
             ... wielding a +0 giant club
              (19 damage)
             ... on level 4 of the Dungeon.
             The game lasted 00:10:35 (2821 turns).

porpoise the Slasher (Demonspawn Gladiator)         Turns: 2821, Time: 00:10:35

Health: -10/49     AC: 11    Str: 15    XL:     6   Next: 54%
Magic:  6/6        EV: 11    Int:  9    God:
Gold:   148        SH:  0    Dex: 16    Spells: 5/5 levels left

rFire   . . .        a - +1 long sword
rCold   + . .        (no shield)
rNeg    . . .        k - +3 ring mail {rC+}
rPois   .            h - +0 helmet
rElec   .            (no cloak)
rCorr   .            p - +1 pair of gloves
SInv    .            (no boots)
Will    .....        (no amulet)
Stlth   +            (no ring)
HPRegen 0.28/turn    (no ring)
MPRegen 0.10/turn

%: no passive effects
@: no status effects
A: hooves 1, powered by pain 1, weakness stinger 1
a: no special abilities


You were on level 4 of the Dungeon.
You visited 2 branches of the dungeon, and saw 5 of its levels.

You collected 176 gold pieces.
You spent 28 gold pieces at shops.

Inventory:

Hand Weapons
 a - a +1 long sword (weapon)
Missiles
 d - 3 throwing nets (quivered)
 e - a javelin
 n - 6 datura-tipped darts
Armour
 h - a +0 helmet (worn)
 k - a +3 ring mail of cold resistance (worn)
 p - a +1 pair of gloves (worn)
Scrolls
 c - a scroll of torment {unknown}
 f - a scroll of acquirement {unknown}
 g - a scroll of teleportation
 i - a scroll of enchant weapon
 l - a scroll of enchant armour
 m - a scroll of immolation {unknown}
 q - a scroll of fog {unknown}
Potions
 b - a potion of ambrosia
 j - a potion of attraction {unknown}
 o - a potion of might


   Skills:
 + Level 4.3 Fighting
 + Level 5.5 Long Blades
 - Level 1.7 Throwing
 - Level 2.6 Dodging
 + Level 1.2 Unarmed Combat


You had 5 spell levels left.
You didn't know any spells.
Your spell library contained the following spells:

 Spells                   Type           Power      Damage    Failure   Level
 Summon Guardian Golem    Hex/Summ       0%         N/A       94%         3
 Orb of Destruction       Conj           0%         9d5       100%        7
 Spellforged Servitor     Conj/Summ      0%         N/A       100%        7


Dungeon Overview and Level Annotations

Branches:
Dungeon (4/15)             Temple (1/1) D:4

Altars:
Cheibriados
Dithmenos
Fedhas
Gozag
Hepliaklqana
Kikubaaqudgha
Makhleb
Qazlal
Ru
Trog
Uskayaw
Vehumet
Wu Jian

Shops:
D:1 ?


Innate Abilities, Weirdness & Mutations

You have large cloven feet.
You sometimes gain a little power by taking damage.
You have a small tail.


Message History

An ogre comes into view. It is wielding a +0 giant club.
The goblin shoots a sling bullet.
The sling bullet closely misses you. The goblin misses you.
The goblin unwields a +0 sling.
The goblin wields a +0 club.
The goblin hits you but does no damage.
You hit the goblin. Your kick misses the goblin. Your punch misses the goblin.
The goblin is moderately wounded.
The goblin misses you. The goblin barely misses you.
You barely miss the goblin. You kick the goblin, but do no damage.
The goblin is moderately wounded.
The goblin hits you but does no damage.
You hit the ogre but do no damage. You kick the ogre.
You tail-slap the ogre, but do no damage.
The ogre is lightly wounded.
The goblin closely misses you.
You barely miss the ogre.
The ogre is lightly wounded.
The goblin hits you but does no damage. The ogre closely misses you.
You barely miss the ogre.
The ogre is lightly wounded.
The goblin closely misses you. The goblin hits you with a +0 club.
The ogre hits you with a +0 giant club. The goblin hits you but does no damage.
You hit the ogre.
The ogre is moderately wounded.
The goblin hits you but does no damage. x2
The ogre hits you with a +0 giant club!
You slash the ogre!
The ogre is heavily wounded.
The goblin hits you but does no damage. x2
You slash the ogre!
The ogre is almost dead.
The goblin misses you.
The ogre hits you with a +0 giant club!!
Ouch! That really hurt!
* * * LOW HITPOINT WARNING * * *
The goblin completely misses you. The goblin hits you but does no damage.
You barely miss the ogre. Your kick misses the ogre. You tail-slap the ogre.
The ogre is almost dead.
The goblin hits you but does no damage.
The ogre hits you with a +0 giant club!!
You die...

.. .. ... #.# . ..## #.#
.#......# ... #.#.##......# #..
#.#.##......# #.####.#<.#......#
..###.O......<#......#
......g@......#......###
#.#.#.###......g....##.#..)......
................#....#.#)).......
............###.#......#.#.......
#.#........ #.#.##.#.#.########
#.......#.###.#.#.##.#..........
..............#.#.##.###........
###...........#.#......'........
........<.......#.#..###........


You could see an ogre and 2 goblins.

Vanquished Creatures
  Sigmund (D:2)
  An orc priest (D:4)
  An iguana (D:4)
  Terence (D:2)
  3 gnolls (D:2)
  8 adders
  A worm (D:2)
  A dart slug (D:1)
  12 orcs
  3 ball pythons
  4 endoplasms
  3 giant cockroaches
  3 goblins
  2 hobgoblins (D:2)
  A quokka (D:2)
  4 bats
  3 frilled lizards
  2 kobolds
  7 rats
61 creatures vanquished.

Notes
Turn   | Place    | Note
-------+----------+-------------------------------------------
     0 | D:1      | porpoise the Demonspawn Gladiator began the quest for the
                  | Orb.
     0 | D:1      | Reached XP level 1. HP: 16/16 MP: 1/1
   287 | D:1      | Reached skill level 3 in Long Blades
   295 | D:1      | Found Torain's Magic Scroll Boutique.
   319 | D:1      | Bought a scroll of identify for 28 gold pieces
   422 | D:1      | Discovered your monstrous ancestry.
   422 | D:1      | Gained mutation: You have large cloven feet. [demonic
                  | ancestry]
   422 | D:1      | Reached XP level 2. HP: 22/22 MP: 2/2
   735 | D:1      | Found a faded altar of an unknown god.
   815 | D:2      | Noticed Sigmund
   823 | D:2      | Killed Sigmund
   824 | D:2      | Reached skill level 4 in Long Blades
   824 | D:2      | Reached XP level 3. HP: 9/29 MP: 3/3
   824 | D:2      | Gained mutation: You sometimes gain a little power by
                  | taking damage. [demonic ancestry]
   824 | D:2      | Reached XP level 4. HP: 11/35 MP: 4/4
   824 | D:2      | Reached XP level 5. HP: 13/41 MP: 5/5
   973 | D:2      | Found an ornate altar of the Wu Jian Council.
  1270 | D:2      | Noticed Terence
  1282 | D:2      | Killed Terence
  1283 | D:2      | Reached skill level 5 in Long Blades
  1441 | D:2      | Gained mutation: You have a small tail. [demonic ancestry]
  1441 | D:2      | Reached XP level 6. HP: 31/48 MP: 6/6
  2555 | D:4      | Reached skill level 1 in Unarmed Combat
  2601 | D:4      | Found a staircase to the Ecumenical Temple.
  2606 | Temple   | Entered the Ecumenical Temple
  2821 | D:4      | Mangled by an ogre

Illustrated notes

Levels and vault maps discovered:
D:1:      arrival_zaba_pyramid, layout_loops_ring,
          shapermc_ecumenical_altar_mp_urbaneastern, serial_shops,
          nicolae_shop_tiny_waterfront, hangedman_decor_points
D:2:      layout_rooms, basic_altar, minmay_misc_feat_tower,
          serial_bayou_pond_c, uniq_sigmund, uniq_terence
D:3:      layout_loops_ring
D:4:      layout_basic, general_overflow_altar, temple_doors_e
Temple:   minmay_freezing_vapour_temple

Skill      XL: |  1  2  3  4  5  6 |
---------------+-------------------+-----
Long Blades    | 3 4 5 |  5.5
Fighting       | 3 4 |  4.3
Unarmed Combat | 1 |  1.2
Throwing       | |  1.7
Dodging        | |  2.6

Action                     |  1- 3 |  4- 6 || total
---------------------------+-------+-------++-------
  Melee: Long sword        |    37 |   139 ||   176
         Kick              |     3 |    35 ||    38
         Punch             |       |     2 ||     2
         Tailslap          |       |    11 ||    11
    Use: Scroll            |     1 |     4 ||     5
         Potion            |     1 |       ||     1
   Stab: Sleeping          |     1 |       ||     1
 Armour: Ring mail         |    12 |    61 ||    73
  Dodge: Dodged            |    15 |    95 ||   110

Table legend: (Time is in decaauts)
 A = Elapsed time spent in this place.
 B = Non-inter-level travel time spent in this place.
 C = Inter-level travel time spent in this place.
 D = Time resting spent in this place.
 E = Time spent auto-exploring this place.
 F = Levels seen in this place.
 G = Mean time per level.
                   A        B        C        D        E       F      G
               +--------+--------+--------+--------+--------+-----+--------+
         Total |   2861 |   2766 |     95 |    457 |   1727 |   5 |  572.2 |
       Dungeon |   2852 |   2762 |     90 |    457 |   1727 |   4 |  713.0 |
        Temple |      9 |      4 |      5 |      0 |      0 |   1 |    9.0 |
               +--------+--------+--------+--------+--------+-----+--------+

Top non-repeatable levels by time:
     D:2: 953 daAuts
     D:3: 872 daAuts
     D:1: 754 daAuts
     D:4: 271 daAuts
  Temple: 9 daAuts
